AoeStats
← ec1ips3

Arabia

509924089Analyzed
4v4 RM · 5d ago on Sep 28, 2026· 57m 16s· 8 players
Game mode
Random Map
Map size
Large (8 player)
Population
200
Speed
Normal
Resources
Standard
Victory
Conquest
Starting age
Dark Age
Ending age
Imperial Age
RankedLock teamsTeams togetherTeam positionsShared explorationLock speedFull tech treeHidden civsTurbo modeCheats
Victory
Defeat
🇪🇸 Maya · Spain
912
+18
🇹🇷 Shu · Türkiye
901
+19
🇮🇹 Persians · Italy
874
+20
🇹🇷 Franks · Türkiye
838
+21
🇪🇸 Franks · Spain
1016
-23
🇪🇸 Britons · Spain
1000
-21
🇧🇷 Turks · Brazil
923
-18
🇺🇸 Wei · United States
882
-16
SevenLives <3
9:10 Loom
10:55 Feudal Age
12:44 Double-Bit Axe
14:22 Fletching
14:33 Padded Archer Armor
20:45 Wheelbarrow
20:32 Horse Collar
20:43 Gold Mining
24:45 Castle Age
25:09 Crossbowman
25:55 Thumb Ring
25:55 Bodkin Arrow
28:02 Squires
27:51 Arson
28:26 Pikeman
29:37 Hand Cart
29:07 Town Watch
30:18 Heavy Plow
33:49 Gold Shaft Mining
34:22 Town Patrol
35:13 Stone Mining
36:22 Treadmill Crane
39:26 Imperial Age
39:52 Ballistics
39:31 Arbalester
41:30 Bow Saw
42:36 Chemistry
41:33 Murder Holes
42:24 Bracer
42:40 Leather Archer Armor
45:25 Ring Archer Armor
45:20 Conscription
45:11 Coiled Serpent Array
45:23 Forging
45:13 Scale Mail Armor
46:50 Halberdier
49:09 Chain Mail Armor
52:01 Plate Mail Armor
58:17 Hoardings
Julian
4:30 Loom
Toytatın Şimşeği
5:15 Loom
9:48 Feudal Age
11:04 Double-Bit Axe
16:02 Wheelbarrow
21:27 Castle Age
19:42 Gold Mining
22:33 Bow Saw
23:00 Gold Shaft Mining
25:14 Scale Barding Armor
28:34 Chain Barding Armor
28:25 Forging
29:08 Stone Mining
29:43 Hand Cart
29:34 Husbandry
39:43 Imperial Age
40:23 Iron Casting
39:43 Cavalier
41:03 Plate Barding Armor
42:17 Blast Furnace
41:23 Chivalry
41:45 Conscription
41:48 Paladin
47:47 Elite Throwing Axeman
jorgedelapp
0:28 Loom
11:31 Feudal Age
12:26 Double-Bit Axe
13:20 Wheelbarrow
12:30 Town Watch
13:37 Horse Collar
13:50 Gold Mining
15:59 Stone Mining
22:37 Castle Age
21:23 Fletching
21:34 Padded Archer Armor
24:05 Hand Cart
24:06 Bow Saw
24:05 Heavy Plow
24:41 Forging
24:28 Bodkin Arrow
25:34 Leather Archer Armor
26:22 Ballistics
27:15 Murder Holes
30:24 Pikeman
31:05 Squires
31:19 Forging
31:09 Scale Mail Armor
31:33 Arson
37:43 Imperial Age
35:47 Chain Mail Armor
38:37 Bracer
39:10 Ring Archer Armor
39:11 Plate Mail Armor
38:08 Elite Plumed Archer
39:30 Conscription
42:21 Halberdier
43:40 Iron Casting
46:33 Blast Furnace
46:35 Chemistry
47:29 Sanctity
47:20 Fervor
ec1ips3
12:01 Feudal Age
14:06 Horse Collar
14:31 Double-Bit Axe
19:49 Castle Age
22:58 Scale Barding Armor
23:04 Forging
27:55 Bow Saw
27:59 Heavy Plow
29:47 Loom
31:31 Husbandry
32:54 Man-at-Arms
35:31 Stone Mining
35:09 Pikeman
38:54 Chain Barding Armor
Krau
11:56 Feudal Age
10:21 Loom
12:09 Feudal Age
23:45 Double-Bit Axe
31:08 Castle Age
29:30 Horse Collar
35:54 Wheelbarrow
35:25 Town Watch
36:11 Fletching
36:22 Padded Archer Armor
37:21 Town Patrol
38:54 Bodkin Arrow
39:14 Leather Archer Armor
38:26 Crossbowman
39:33 Bow Saw
39:30 Treadmill Crane
40:01 Masonry
40:12 Ballistics
39:58 Heavy Plow
40:54 Masonry
41:32 Hand Cart
44:45 Imperial Age
42:37 Stone Mining
42:40 Gold Mining
42:57 Man-at-Arms
42:59 Pikeman
43:40 Squires
43:26 Arson
43:55 Forging
43:45 Scale Mail Armor
44:35 Gold Shaft Mining
45:16 Halberdier
48:51 Chemistry
47:34 Arbalester
49:28 Iron Casting
49:08 Chain Mail Armor
50:19 Conscription
50:29 Yeomen
51:52 Warwolf
56:16 Elite Longbowman
57:59 Blast Furnace
57:30 Plate Mail Armor
57:33 Ring Archer Armor
57:04 Bracer
58:04 Blast Furnace
rubBen
10:35 Feudal Age
15:27 Castle Age
25:25 Loom
28:16 Scale Barding Armor
29:03 Forging
31:07 Husbandry
31:44 Iron Casting
31:27 Double-Bit Axe
32:59 Chain Barding Armor
42:30 Imperial Age
42:34 Cavalier
44:16 Blast Furnace
43:51 Plate Barding Armor
45:28 Paladin
47:26 Fletching
47:36 Padded Archer Armor
49:47 Bodkin Arrow
50:07 Leather Archer Armor
50:43 Light Cavalry
53:28 Wheelbarrow
57:10 Scale Mail Armor
Caduzera
10:09 Feudal Age
8:25 Loom
12:59 Horse Collar
14:31 Double-Bit Axe
30:30 Castle Age
28:33 Padded Archer Armor
28:23 Fletching
48:12 Imperial Age
55:48 Bow Saw
Connection lost

Rejoining the realm…

Still unreachable

The connection could not be restored.

Session expired

The server has moved on; the page needs a fresh start.